 Dungeon Crawl Stone Soup version 0.31.0-11-ge490571c62 (webtiles) character file.

Game seed: 8372167332177461241

63 monsoonserge the Cudgeller (level 4, -1/32 (38) HPs)
             Began as a Gnoll Reaver on Jan 31, 2024.
             Was a Follower of Wu Jian.
             Slain by Eustachio
             ... wielding a +0 antimagic rapier
              (6 damage)
             ... on level 4 of the Dungeon.
             The game lasted 00:02:59 (1257 turns).

monsoonserge the Cudgeller (Gnoll Reaver)           Turns: 1257, Time: 00:02:59

HP:   -1/32 (38)    AC:  4    Str: 11    XL:     4   Next: 10%
MP:   1/11          EV: 12    Int: 14    God:    Wu Jian [*.....]
Gold: 38            SH:  0    Dex: 11    Spells: 12/13 levels left

rFire   . . .        a - +0 mace
rCold   . . .        (no shield)
rNeg    . . .        b - +0 leather armour
rPois   .            i - +0 helmet
rElec   .            (no cloak)
rCorr   .            (no gloves)
SInv    .            (no boots)
Will    .....        (no amulet)
Stlth   +            (no ring)
HPRegen 0.25/turn    (no ring)
MPRegen 0.12/turn

%: no passive effects
@: very slightly contaminated, heavily drained
A: fangs 1, strong nose, distributed training
a: Renounce Religion


You were on level 4 of the Dungeon.
You worshipped Wu Jian.
Wu Jian was aware of your devotion.
You visited 1 branch of the dungeon, and saw 3 of its levels.

You collected 38 gold pieces.

Inventory:

Hand Weapons
 a - a +0 mace (weapon)
Missiles
 c - 2 poisoned darts
Armour
 b - a +0 leather armour (worn)
 i - a +0 helmet (worn)
 j - a +0 chain mail
Scrolls
 d - 2 scrolls of fear {unknown}
 e - a scroll of identify {unknown}
 g - a scroll of fog {unknown}
 l - 2 scrolls of summoning {unknown}
Potions
 f - a potion of attraction {unknown}
 h - a potion of degeneration {unknown}
 k - a potion of lignification {unknown}


   Skills:
 + Level 4.6 Fighting
 + Level 1.1 Short Blades
 + Level 1.1 Long Blades
 + Level 1.1 Axes
 + Level 6.6 Maces & Flails
 + Level 1.1 Polearms
 + Level 1.1 Staves
 + Level 1.1 Ranged Weapons
 + Level 1.1 Throwing
 + Level 1.1 Armour
 + Level 4.6 Dodging
 + Level 1.1 Stealth
 + Level 1.1 Shields
 + Level 1.1 Unarmed Combat
 + Level 5.0 Spellcasting
 + Level 5.4 Conjurations
 + Level 0.8 Hexes
 + Level 0.8 Summonings
 + Level 0.8 Necromancy
 + Level 0.8 Translocations
 + Level 0.8 Fire Magic
 + Level 0.8 Ice Magic
 + Level 0.8 Air Magic
 + Level 0.8 Earth Magic
 + Level 0.8 Alchemy
 + Level 1.2 Invocations
 + Level 1.1 Evocations
 + Level 1.0 Shapeshifting


You had 12 spell levels left.
You knew the following spells:

 Your Spells              Type           Power      Damage    Failure   Level
a - Kiss of Death         Conj/Necr      48%        2d9       6%          1

Your spell library contained the following spells:

 Spells                   Type           Power      Damage    Failure   Level
 Momentum Strike          Conj/Tloc      24%        3d8       10%         2
 Hailstorm                Conj/Ice       12%        3d6       19%         3


Dungeon Overview and Level Annotations

Branches:
Dungeon (2/15)

Altars:
Wu Jian

Shops:
D:1 *

Annotations:
D:4 Eustachio


Innate Abilities, Weirdness & Mutations

You have very sharp teeth.
Your uncanny sense of smell can sniff out nearby items.
Your experience applies equally to all skills.


Message History

Eustachio closely misses you.
You hit Eustachio.
Eustachio is heavily wounded.
Eustachio closely misses you.
You hit Eustachio but do no damage.
Eustachio is heavily wounded.
Eustachio hits you with a +0 antimagic rapier.
You feel your power leaking away.
You hit Eustachio.
Eustachio is severely wounded.
The iron imp disappears in a puff of smoke!
The shadow imp disappears in a puff of smoke!
Eustachio hits you with a +0 antimagic rapier.
* * * LOW HITPOINT WARNING * * *
You feel your power leaking away.
Casting: Kiss of Death (safe; 6% risk of failure)
Confirm with . or Enter, or press ? or * to list all spells.
Aiming: Kiss of Death (safe; 6% risk of failure)
Press: ? - help, Shift-Dir - straight line, f - Eustachio
Aim: Eustachio, wielding a +0 antimagic rapier and wearing a +0 leather armour (severely wounded, 100% to hit)
The negative energy hits Eustachio.
Eustachio is drained!
Eustachio is almost dead.
You feel drained. Eustachio barely misses you.
You hit Eustachio.
Eustachio is almost dead.
Eustachio hits you with a +0 antimagic rapier.
* * * LOW HITPOINT WARNING * * *
You feel your power leaking away.
Unknown command.
Casting: Kiss of Death (safe; 6% risk of failure)
Confirm with . or Enter, or press ? or * to list all spells.
Aiming: Kiss of Death (safe; 6% risk of failure)
Press: ? - help, Shift-Dir - straight line, f/p - Eustachio
Aim: Eustachio, wielding a +0 antimagic rapier and wearing a +0 leather armour (almost dead, lightly drained, 100% to hit)
You miscast Kiss of Death.
You are very lightly contaminated with residual magic.
Nothing appears to happen.
Eustachio hits you with a +0 antimagic rapier.
You die...
Eustachio says, "Such is the fate of all honourless rascals."

#.# #...###.#†
#####.####.#.......
#####.@......#...###.#.
.....###.##.##### #... #
##..###..#.# ##.. #.
#.........# ##...
##.#####)#####.#.## ##>...
###.....##.#####....# #.....
...........@@...#......+....†
#...#.##.###.###..####.....
#.........###.#..## ##....
########### .### ##... #.#
##.. # ##+


You could see Eustachio (drained).

Vanquished Creatures
  2 adders (D:4)
  A gnoll (D:1)
  3 ball pythons (D:1)
  3 bats
  An endoplasm (D:2)
  3 giant cockroaches (D:1)
  6 goblins
  4 hobgoblins (D:1)
  4 jackals (D:1)
  A kobold (D:1)
  A quokka (D:2)
  A frilled lizard (D:1)
30 creatures vanquished.

Notes
Turn   | Place    | Note
-------+----------+-------------------------------------------
     0 | D:1      | monsoonserge the Gnoll Reaver began the quest for the Orb.
     0 | D:1      | Reached XP level 1. HP: 20/20 MP: 6/6
   112 | D:1      | Found Qimnig's Assorted Antiques.
   245 | D:1      | Reached XP level 2. HP: 11/26 MP: 7/7
   471 | D:1      | Reached skill level 5 in Spellcasting
   471 | D:1      | Reached XP level 3. HP: 31/31 MP: 7/9
   562 | D:1      | Reached skill level 1 in Invocations
   667 | D:1      | Found a faded altar of an unknown god.
   672 | D:1      | Prayed at the altar of an unknown god.
   672 | D:1      | Became a worshipper of the Wu Jian Council
   672 | D:1      | Reached * piety under Wu Jian
  1022 | D:2      | You fall into a shaft and drop 2 floors!
  1053 | D:4      | Reached skill level 1 in Short Blades
  1053 | D:4      | Reached skill level 1 in Long Blades
  1053 | D:4      | Reached skill level 1 in Axes
  1053 | D:4      | Reached skill level 1 in Polearms
  1053 | D:4      | Reached skill level 1 in Staves
  1053 | D:4      | Reached skill level 1 in Ranged Weapons
  1053 | D:4      | Reached skill level 1 in Throwing
  1053 | D:4      | Reached skill level 1 in Armour
  1053 | D:4      | Reached skill level 1 in Stealth
  1053 | D:4      | Reached skill level 1 in Shields
  1053 | D:4      | Reached skill level 1 in Unarmed Combat
  1053 | D:4      | Reached skill level 1 in Evocations
  1095 | D:4      | Reached skill level 1 in Shapeshifting
  1095 | D:4      | Reached XP level 4. HP: 25/38 MP: 11/11
  1221 | D:4      | Noticed Eustachio
  1257 | D:4      | Slain by Eustachio

Illustrated notes

Levels and vault maps discovered:
D:1:      minmay_arrival_open_corners, layout_loops_corners,
          shapermc_ecumenical_altar_petra, serial_shops, shop,
          minmay_misc_feat_tiny
D:2:      layout_basic
D:4:      layout_loops_corners, nicolae_overflow_hallway_of_the_gods,
          vehumet_altar_wand_db, serial_shops, shop, shop, shop,
          nicolae_inconvenience_store, uniq_grinder, uniq_eustachio, uniq_ijyb

Skill      XL: |  1  2  3 |
---------------+----------+-----
Spellcasting   | 5 |  5.0
Invocations    | 1 |  1.2
Short Blades   | 1 |  1.1
Long Blades    | 1 |  1.1
Axes           | 1 |  1.1
Polearms       | 1 |  1.1
Staves         | 1 |  1.1
Ranged Weapons | 1 |  1.1
Throwing       | 1 |  1.1
Armour         | 1 |  1.1
Stealth        | 1 |  1.1
Shields        | 1 |  1.1
Unarmed Combat | 1 |  1.1
Evocations     | 1 |  1.1
Shapeshifting  | 1 |  1.0
Fighting       | |  4.6
Maces & Flails | |  6.6
Dodging        | |  4.6
Conjurations   | |  5.4
Hexes          | |  0.8
Summonings     | |  0.8
Necromancy     | |  0.8
Translocations | |  0.8
Fire Magic     | |  0.8
Ice Magic      | |  0.8
Air Magic      | |  0.8
Earth Magic    | |  0.8
Alchemy        | |  0.8

Action                     |  1- 3 |  4- 6 || total
---------------------------+-------+-------++-------
  Melee: Mace              |   117 |    28 ||   145
         Bite              |    12 |     6 ||    18
         Punch             |     2 |     1 ||     3
   Cast: Kiss of Death     |       |     1 ||     1
Ability: Lunge             |     2 |     3 ||     5
         Whirlwind         |     2 |     1 ||     3
   Stab: Sleeping          |     1 |       ||     1
 Armour: Leather armour    |    75 |    12 ||    87
  Dodge: Dodged            |    74 |    13 ||    87
